AoeStats
← CNZS_98T

African Clearing

506416213Analyzed
4v4 RM · 19d ago on Sep 13, 2026· 54m 48s· 8 players
Game mode
Random Map
Map size
Large (8 player)
Population
200
Speed
Normal
Resources
Standard
Victory
Conquest
Starting age
Dark Age
Ending age
Imperial Age
RankedLock teamsTeams togetherTeam positionsShared explorationLock speedFull tech treeHidden civsTurbo modeCheats
Victory
Defeat
🇨🇳 Burgundians · China
1921
+10
🇳🇱 Japanese · Netherlands
1909
+11
🇨🇳 Saracens · China
1868
+12
🇮🇳 Mongols · India
1837
+13
🇨🇳 Mongols · China
1878
-14
🇨🇳 Spanish · China
1859
-15
🇨🇳 Gurjaras · China
1707
-9
🇲🇽 Chinese · Mexico
1684
-8
|Thepejezombie
3:11 Loom
12:43 Feudal Age
13:33 Town Watch
17:08 Castle Age
15:09 Double-Bit Axe
16:32 Fletching
17:54 Bodkin Arrow
25:27 Bow Saw
34:56 Wheelbarrow
37:19 Imperial Age
34:47 Gold Mining
36:03 Padded Archer Armor
36:26 Ballistics
36:17 Masonry
38:00 Leather Archer Armor
38:13 Bracer
39:42 Chemistry
39:13 Architecture
40:15 Conscription
40:47 Bombard Tower
41:00 Architecture
41:14 Hand Cart
42:08 Elite Chu Ko Nu
48:57 Scale Barding Armor
49:03 Forging
北冥有鲲
11:45 Loom
14:04 Feudal Age
17:44 Castle Age
15:49 Double-Bit Axe
16:15 Horse Collar
18:51 Bow Saw
18:27 Town Watch
28:22 Padded Archer Armor
30:15 Wheelbarrow
29:56 Leather Archer Armor
34:41 Imperial Age
35:28 Hand Cart
35:15 Heavy Plow
35:06 Gold Mining
35:54 Conscription
36:15 Ring Archer Armor
37:56 Elite Conquistador
38:47 Stone Mining
40:54 Ballistics
40:26 Fletching
42:25 Bodkin Arrow
42:16 Elite Skirmisher
44:17 Chemistry
44:13 Bracer
44:25 Masonry
44:25 Capped Ram
45:32 Supremacy
爱人跟人走
11:45 Feudal Age
13:41 Loom
16:33 Castle Age
15:20 Gold Mining
15:22 Double-Bit Axe
15:59 Horse Collar
17:37 Bow Saw
17:52 Fletching
21:58 Bodkin Arrow
24:11 Padded Archer Armor
27:29 Husbandry
28:06 Bloodlines
29:20 Ballistics
33:40 Imperial Age
32:12 Wheelbarrow
31:49 Town Watch
32:12 Stone Mining
34:36 Bracer
36:26 Masonry
37:28 Conscription
37:53 Conscription
39:45 Elite Mangudai
43:15 Chemistry
42:32 Hand Cart
43:05 Leather Archer Armor
47:52 Parthian Tactics
tim.13
5:32 Loom
13:25 Feudal Age
15:33 Double-Bit Axe
18:07 Castle Age
16:21 Horse Collar
17:23 Gold Mining
19:53 Wheelbarrow
24:59 Husbandry
29:58 Bow Saw
31:44 Gold Shaft Mining
31:37 Stone Mining
38:33 Imperial Age
36:21 Forging
37:58 Stone Shaft Mining
38:39 Hand Cart
38:09 Town Watch
38:44 Kshatriyas
39:16 Iron Casting
38:42 Scale Mail Armor
38:29 Arson
40:10 Conscription
39:12 Elite Chakram Thrower
41:00 Chain Mail Armor
42:10 Plate Mail Armor
42:36 Bloodlines
41:46 Light Cavalry
42:34 Scale Barding Armor
42:31 Heavy Plow
45:19 Chain Barding Armor
44:22 Hussar
46:52 Plate Barding Armor
46:56 Elite Shrivamsha Rider
_LY_Yo
14:01 Feudal Age
13:36 Loom
13:46 Loom
17:44 Castle Age
15:52 Double-Bit Axe
16:15 Horse Collar
17:38 Town Watch
CNZS_98T
13:16 Loom
15:40 Feudal Age
16:58 Double-Bit Axe
18:49 Fishing Lines
22:46 Castle Age
22:13 Wheelbarrow
22:00 Gold Mining
22:01 Stone Mining
23:31 Gillnets
24:05 Bow Saw
29:28 Imperial Age
28:19 Ballistics
27:58 Fletching
28:48 Hand Cart
28:34 Treadmill Crane
29:16 Guard Tower
29:24 Bodkin Arrow
30:11 Yasama
30:14 Bracer
34:42 Keep
33:59 Town Watch
34:53 Horse Collar
36:31 Chemistry
36:40 Padded Archer Armor
37:15 Conscription
37:13 Thumb Ring
37:11 Husbandry
37:22 Bloodlines
37:26 Heavy Cavalry Archer
38:35 Parthian Tactics
38:44 Leather Archer Armor
40:55 Ring Archer Armor
42:21 Gold Shaft Mining
42:47 Two-Man Saw
42:11 Town Patrol
42:32 Masonry
42:10 Arrowslits
43:50 Murder Holes
44:56 Coinage
45:33 Kataparuto
45:26 Siege Engineers
48:27 Banking
48:36 Scale Mail Armor
48:47 Forging
48:38 Squires
48:23 Arson
48:24 Gambesons
48:24 Elite Samurai
50:52 Chain Mail Armor
51:12 Iron Casting
52:48 Plate Mail Armor
54:15 Blast Furnace
DK2
12:50 Feudal Age
16:55 Castle Age
17:56 Double-Bit Axe
19:05 Fletching
19:54 Ballistics
20:23 Bodkin Arrow
24:18 Padded Archer Armor
27:15 Town Watch
28:05 Wheelbarrow
27:15 Loom
28:05 Wheelbarrow
27:40 Horse Collar
30:41 Leather Archer Armor
32:39 Gold Mining
32:39 Stone Mining
32:53 Heavy Plow
33:08 Bow Saw
37:07 Gold Shaft Mining
37:19 Husbandry
41:10 Imperial Age
39:02 Bloodlines
39:26 Hand Cart
39:48 Stone Shaft Mining
39:56 Thumb Ring
41:28 Elite Mangudai
42:10 Bracer
43:12 Chemistry
42:42 Parthian Tactics
41:41 Capped Ram
43:54 Siege Ram
46:33 Scale Barding Armor
46:38 Forging
46:51 Light Cavalry
48:20 Conscription
48:20 Drill
48:58 Chain Barding Armor
49:13 Iron Casting
51:18 Iron Casting
50:05 Hussar
_LY_lyx
6:29 Double-Bit Axe
9:11 Fishing Lines
12:33 Loom
14:43 Feudal Age
16:04 Stone Mining
18:36 Castle Age
17:23 Bow Saw
21:10 Gillnets
24:13 Horse Collar
25:11 Heavy Plow
26:26 Gold Mining
27:15 Wheelbarrow
28:39 Hand Cart
28:09 Town Watch
29:06 Scale Barding Armor
34:01 Imperial Age
31:53 Forging
32:32 Chain Barding Armor
32:54 Stone Shaft Mining
32:46 Husbandry
35:20 Plate Barding Armor
36:48 Iron Casting
37:51 Conscription
39:12 Elite Coustillier
42:57 Blast Furnace
46:01 Fletching
53:44 Burgundian Vineyards
Connection lost

Rejoining the realm…

Still unreachable

The connection could not be restored.

Session expired

The server has moved on; the page needs a fresh start.